 Dungeon Crawl Stone Soup version 0.27-a0-553-ge0ab5a2769 (webtiles) character file.

Game seed: 3625810529687617526

29 Chiseanne the Magician (level 3, 24/24 HPs)
             Began as a Demonspawn Hedge Wizard on Mar 8, 2021.
             Quit the game on level 1 of the Dungeon.
             The game lasted 00:02:03 (1194 turns).

Chiseanne the Magician (Demonspawn Hedge Wizard)    Turns: 1194, Time: 00:02:04

Health: 24/24      AC:  2    Str: 10    XL:     3   Next: 1%
Magic:  6/8        EV: 12    Int: 16    God:
Gold:   8          SH:  0    Dex: 12    Spells: 8/9 levels left

rFire    . . .     SeeInvis .   a - +0 dagger
rCold    . . .     Faith    .   (no shield)
rNeg     . . .     Spirit   .   b - +0 robe
rPois    .         Reflect  .   c - +0 hat
rElec    .         Harm     .   (no cloak)
rCorr    .         Rampage  .   (no gloves)
Will     .....                  (no boots)
Stlth    ++........             (no amulet)
HPRegen  0.08/turn              (no ring)
MPRegen  0.11/turn              (no ring)

@: no status effects
A: demonic guardian 1, powered by death 1
a: no special abilities


You were on level 1 of the Dungeon.
You visited 1 branch of the dungeon, and saw 1 of its levels.

You collected 8 gold pieces.

Inventory:

Hand Weapons
 a - a +0 dagger (weapon)
Missiles
 d - 16 stones
Armour
 b - a +0 robe (worn)
 c - a +0 hat (worn)
Scrolls
 f - a scroll of fog {unknown}
Potions
 e - a potion of berserk rage {unknown}


   Skills:
 - Level 1.7 Dodging
 - Level 1.7 Stealth
 * Level 3.5 Spellcasting
 * Level 2.2 Conjurations
 - Level 1.0 Summonings
 - Level 0.8 Translocations


You had 8 spell levels left.
You knew the following spells:

 Your Spells              Type           Power      Damage    Failure   Level
a - Magic Dart            Conj           36%        1d4       7%          1

Your spell library contained the following spells:

 Spells                   Type           Power      Damage    Failure   Level
 Blink                    Tloc           N/A        N/A       19%         2
 Call Imp                 Summ           6%         N/A       19%         2
 Slow                     Hex            2%         N/A       26%         2
 Conjure Flame            Conj/Fire      6%         6-21      34%         3
 Mephitic Cloud           Conj/Pois/Air  5%         N/A       36%         3


Dungeon Overview and Level Annotations

Branches:
Dungeon (1/15)

Altars:


Innate Abilities, Weirdness & Mutations

A weak demonic guardian rushes to your aid.
You regenerate a little health from kills.


Message History

Aiming: Magic Dart (safe; 8% risk of failure)
Press: ? - help, Shift-Dir - straight line, f/p - rat
Aim: a rat (severely wounded, 0% to evade)
The magic dart hits the rat but does no damage.
The rat is severely wounded.
Casting: Magic Dart (safe; 8% risk of failure)
Confirm with . or Enter, or press ? or * to list all spells.
You don't have enough magic to cast this spell.
Casting: Magic Dart (safe; 8% risk of failure)
Confirm with . or Enter, or press ? or * to list all spells.
You don't have enough magic to cast this spell.
Casting: Magic Dart (safe; 8% risk of failure)
Confirm with . or Enter, or press ? or * to list all spells.
You don't have enough magic to cast this spell.
You see here a +0 club.
The rat misses you.
You hit the rat.
You kill the rat!
You see here a rat corpse.
Things that are here:
a +0 club; a hobgoblin skeleton
Things that are here:
a +0 dagger; a +0 robe
d - 16 stones (gained 1)
Things that are here:
a +0 whip; a +0 ring mail; a kobold skeleton A bat is nearby!
Casting: Magic Dart (safe; 8% risk of failure)
Confirm with . or Enter, or press ? or * to list all spells.
Aiming: Magic Dart (safe; 8% risk of failure)
Press: ? - help, Shift-Dir - straight line, f - bat
Aim: a bat (0% to evade)
The magic dart hits the bat.
You kill the bat!
You have reached level 3!
Your experience leads to an increase in your attributes!
Increase (s)trength, (i)ntelligence, or (d)exterity?
You feel clever.
Your demonic ancestry asserts itself...
You feel the presence of a demonic guardian.
Are you sure you want to abandon this character and quit the game? (Confirm with "yes".)

.....## ... .. ......##
#.#.#)#. .......# #........
.......# ##.#.#.#.#. .......#
##########.......... .......#
#.......##..#.#.#.#
†.)....###.......##........
.......).......)....†#.#.#
.......###......@##......#
.......# #.......##......#
.......# #.......##......#
.......###...)...#####.#.##
.........#....)..#####.#..###
......##......................
........##.##.#######.##...###
####.##....#..# ####.# #.## #
#g..##....## #....# .#


There were no monsters in sight!

Vanquished Creatures
  5 bats (D:1)
  A giant cockroach (D:1)
  3 goblins (D:1)
  3 hobgoblins (D:1)
  3 jackals (D:1)
  A frilled lizard (D:1)
  5 kobolds (D:1)
  4 rats (D:1)
25 creatures vanquished.

Notes
Turn   | Place    | Note
-------+----------+-------------------------------------------
     0 | D:1      | Chiseanne the Demonspawn Hedge Wizard began the quest for
                  | the Orb.
     0 | D:1      | Reached XP level 1. HP: 13/13 MP: 4/4
   375 | D:1      | Gained mutation: You regenerate a little health from kills.
                  | [demonic ancestry]
   375 | D:1      | Reached XP level 2. HP: 19/19 MP: 0/6
  1194 | D:1      | Gained mutation: A weak demonic guardian rushes to your
                  | aid. [demonic ancestry]
  1194 | D:1      | Reached XP level 3. HP: 24/24 MP: 6/8
  1194 | D:1      | Quit the game

Illustrated notes

Levels and vault maps discovered:
D:1:      scummos_arrival_forest, layout_rooms, st_stairs_11,
          minmay_tree_intersection

Skill      XL: |  1  2 |
---------------+-------+-----
Conjurations   | 2 |  2.2
Dodging        | |  1.7
Stealth        | |  1.7
Spellcasting   | |  3.5
Summonings     | |  1.0
Translocations | |  0.8

Action                   || total
-------------------------++-------
Melee: Dagger            ||    31
 Cast: Magic Dart        ||    58
Armor: Robe              ||    18
Dodge: Dodged            ||    62

Table legend: (Time is in decaauts)
 A = Elapsed time spent in this place.
 B = Non-inter-level travel time spent in this place.
 C = Inter-level travel time spent in this place.
 D = Time resting spent in this place.
 E = Time spent auto-exploring this place.
 F = Levels seen in this place.
 G = Mean time per level.
                   A        B        C        D        E       F      G
               +--------+--------+--------+--------+--------+-----+--------+
         Total |   1194 |   1194 |      0 |    435 |    377 |   1 | 1194.0 |
       Dungeon |   1194 |   1194 |      0 |    435 |    377 |   1 | 1194.0 |
               +--------+--------+--------+--------+--------+-----+--------+

Top non-repeatable levels by time:
     D:1: 1194 daAuts
